3AAA
SALT LAKE CITY BUZZ @ SANTA BARBARA GOLDEN CRANES
08/29/2027
 
TOP OF THE 1ST
Salt Lake City Buzz batting - Pitching for Santa Barbara Golden Cranes : RHP Joey McCarthy
Pitching: RHP Joey McCarthy
Batting: RHB Alejandro Herrera 0-0: Hit by Pitch
Batting: LHB Frank Sharp 0-0: Ball
1-0: Swinging Strike
1-1: Swinging Strike
1-2: Ball
2-2: SINGLE (Flyball, 78S)
Alejandro Herrera to second
Batting: RHB Justin MacPherson 0-0: Ball
1-0: Called Strike
1-1: Foul Ball, location: 2F
1-2: Fielders Choice at 2nd, 1-6 (Groundball, P)
Alejandro Herrera to third
Batting: RHB Vicente Cruz 0-0: Foul Ball, location: 2F
0-1: Ball
1-1: Fielders Choice at 2nd, 4-6 (Groundball, 4)
Alejandro Herrera scores
Batting: LHB Randy Schlosser 0-0: Ball
1-0: Ball
2-0: Called Strike
2-1: SINGLE (Line Drive, 6MD)
Vicente Cruz to second
Batting: RHB Jung-hwan Kwon 0-0: Called Strike
0-1: Called Strike
Vicente Cruz steals 3rd base
Randy Schlosser to second
0-2: Ball
1-2: Foul Ball, location: 2F
1-2: SINGLE (Groundball, 56D)
Vicente Cruz scores
Randy Schlosser to third
Runner from 3rd tries for Home, SAFE, no throw
Batting: LHB Roberto Soto 0-0: Ball
Jung-hwan Kwon steals 2nd base
1-0: Foul Ball, location: 2F
1-1: Foul Ball, location: 2F
1-2: Ball
2-2: Ground out U3 (Groundball, 3)
Top of the 1st over - 3 run(s), 3 hit(s), 0 error(s), 1 left on base; Salt Lake City 3 - Santa Barbara 0
BOTTOM OF THE 1ST
Santa Barbara Golden Cranes batting - Pitching for Salt Lake City Buzz : RHP Brian Morris
Pitching: RHP Brian Morris
Batting: RHB Luis Trevino 0-0: Called Strike
0-1: Ball
1-1: Reached on error, E6 (Groundball, 6S)
Batting: RHB Salvador Noriega 0-0: Called Strike
Luis Trevino steals 2nd base
0-1: Ball
1-1: Ground out 6-3 (Groundball, 6)
Luis Trevino to third
Batting: RHB Logan Manning 0-0: Called Strike
0-1: Foul Ball, location: 2F
0-2: Ball
1-2: Ball
2-2: Foul Ball, location: 2F
2-2: Ball
3-2: Ground out 4-3 (Groundball, 4)
Luis Trevino scores
Batting: RHB Gilbert Graham 0-0: Ball
1-0: Called Strike
1-1: SINGLE (Groundball, 56D)
Batting: RHB Lúcio Sánchez 0-0: Ball
Gilbert Graham steals 2nd base
1-0: Called Strike
1-1: Called Strike
1-2: Strikes out swinging, 2-3 out at first.
Bottom of the 1st over - 1 run(s), 1 hit(s), 1 error(s), 1 left on base; Salt Lake City 3 - Santa Barbara 1
TOP OF THE 2ND
Salt Lake City Buzz batting - Pitching for Santa Barbara Golden Cranes : RHP Joey McCarthy
Batting: RHB Adrian Rodgers 0-0: Called Strike
0-1: Foul Ball, location: 2F
0-2: Ball
1-2: Ball
2-2: Foul Ball, location: 2F
2-2: Ball
3-2: Foul Ball, location: 2F
3-2: Foul Ball, location: 2F
3-2: Foul Ball, location: 2F
3-2: Base on Balls
Batting: RHB Andrew Hall 0-0: Foul Ball, location: 2F
0-1: Swinging Strike
0-2: Ball
1-2: Foul Ball, location: 2F
1-2: Grounds into double play, 4-6-3 (Groundball, 4)
Batting: RHB Alejandro Herrera 0-0: Ball
1-0: Foul Ball, location: 2F
1-1: Ball
2-1: Swinging Strike
2-2: Strikes out swinging
Top of the 2nd over - 0 run(s), 0 hit(s), 0 error(s), 0 left on base; Salt Lake City 3 - Santa Barbara 1
BOTTOM OF THE 2ND
Santa Barbara Golden Cranes batting - Pitching for Salt Lake City Buzz : RHP Brian Morris
Batting: RHB Edmund Gallagher 0-0: Ground out 5-3 (Groundball, 56)
Batting: RHB Jordan Hollins 0-0: Ball
1-0: Ball
2-0: Foul Ball, location: 2F
2-1: Ground out 6-3 (Groundball, 6)
Batting: RHB Ed St. James 0-0: Swinging Strike
0-1: Ground out 5-3 (Groundball, 56)
Bottom of the 2nd over - 0 run(s), 0 hit(s), 0 error(s), 0 left on base; Salt Lake City 3 - Santa Barbara 1
TOP OF THE 3RD
Salt Lake City Buzz batting - Pitching for Santa Barbara Golden Cranes : RHP Joey McCarthy
Batting: LHB Frank Sharp 0-0: Ball
1-0: Foul Ball, location: 2F
1-1: Ball
2-1: Ball
3-1: Base on Balls
Batting: RHB Justin MacPherson 0-0: Ball
1-0: Swinging Strike
1-1: Ball
Frank Sharp steals 2nd base
2-1: Foul Ball, location: 2F
2-2: Ball
3-2: Foul Ball, location: 2F
3-2: Foul Ball, location: 2F
3-2: Fly out, F7 (Flyball, 78M)
Batting: RHB Vicente Cruz 0-0: Ball
1-0: Ball
2-0: DOUBLE (Line Drive, 78M)
Frank Sharp scores
Batting: LHB Randy Schlosser 0-0: Ball
1-0: Called Strike
1-1: Foul Ball, location: 2F
1-2: Ground out U3 (Groundball, 34)
Vicente Cruz to third
Batting: RHB Jung-hwan Kwon 0-0: Called Strike
0-1: Ball
1-1: Fly out, F6 (Popup, 6D)
Top of the 3rd over - 1 run(s), 1 hit(s), 0 error(s), 1 left on base; Salt Lake City 4 - Santa Barbara 1
BOTTOM OF THE 3RD
Santa Barbara Golden Cranes batting - Pitching for Salt Lake City Buzz : RHP Brian Morris
Batting: LHB Héctor Rivera 0-0: Called Strike
0-1: Swinging Strike
0-2: Ball
1-2: Fly out, F4 (Popup, 4S)
Batting: RHB Luis Trevino 0-0: Ball
1-0: Ball
2-0: SINGLE (Groundball, 56D)
Batting: RHB Salvador Noriega 0-0: Called Strike
Luis Trevino is caught stealing 2nd base
0-1: Ball
1-1: Foul Ball, location: 2F
1-2: SINGLE (Line Drive, 4MD)
Batting: RHB Logan Manning 0-0: Called Strike
Salvador Noriega is caught stealing 2nd base
Bottom of the 3rd over - 0 run(s), 2 hit(s), 0 error(s), 0 left on base; Salt Lake City 4 - Santa Barbara 1
TOP OF THE 4TH
Salt Lake City Buzz batting - Pitching for Santa Barbara Golden Cranes : RHP Joey McCarthy
Batting: LHB Roberto Soto 0-0: Ball
1-0: Fly out, F9 (Flyball, 9LMF)
Batting: RHB Adrian Rodgers 0-0: Ground out 4-3 (Groundball, 4MS)
Batting: RHB Andrew Hall 0-0: Ball
1-0: Ball
2-0: Ball
3-0: Base on Balls
Batting: RHB Alejandro Herrera 0-0: Foul Ball, location: 2F
0-1: Fly out, F2 (Popup, 34S)
Top of the 4th over - 0 run(s), 0 hit(s), 0 error(s), 1 left on base; Salt Lake City 4 - Santa Barbara 1
BOTTOM OF THE 4TH
Santa Barbara Golden Cranes batting - Pitching for Salt Lake City Buzz : RHP Brian Morris
Batting: RHB Logan Manning 0-0: Ball
1-0: Ball
2-0: Called Strike
2-1: Called Strike
2-2: SINGLE (Groundball, 56D)
Batting: RHB Gilbert Graham 0-0: Ball
1-0: Foul Ball, location: 2F
1-1: Swinging Strike
1-2: Fly out, F8 (Flyball, 8RM)
Batting: RHB Lúcio Sánchez 0-0: Called Strike
0-1: Ball
1-1: Swinging Strike
1-2: Strikes out swinging
Batting: RHB Edmund Gallagher 0-0: Fly out, F6 (Line Drive, 6)
Bottom of the 4th over - 0 run(s), 1 hit(s), 0 error(s), 1 left on base; Salt Lake City 4 - Santa Barbara 1
TOP OF THE 5TH
Salt Lake City Buzz batting - Pitching for Santa Barbara Golden Cranes : RHP Joey McCarthy
Batting: LHB Frank Sharp 0-0: Foul Ball, location: 2F
0-1: Ball
1-1: DOUBLE (Line Drive, 78M)
Batting: RHB Justin MacPherson 0-0: Ball
1-0: Swinging Strike
1-1: Ground out 6-3 (Groundball, 6S)
Frank Sharp to third
Batting: RHB Vicente Cruz 0-0: Ground out 5-3 (Groundball, 5L)
Batting: LHB Randy Schlosser 0-0: Ball
1-0: Ball
2-0: Ball
3-0: Called Strike
3-1: Swinging Strike
3-2: Ground out U3 (Groundball, 3)
Top of the 5th over - 0 run(s), 1 hit(s), 0 error(s), 1 left on base; Salt Lake City 4 - Santa Barbara 1
BOTTOM OF THE 5TH
Santa Barbara Golden Cranes batting - Pitching for Salt Lake City Buzz : RHP Brian Morris
Batting: RHB Jordan Hollins 0-0: Fly out, F8 (Flyball, 78M)
Batting: RHB Ed St. James 0-0: Called Strike
0-1: Called Strike
0-2: Foul Ball, location: 2F
0-2: Ball
1-2: Ground out 5-3 (Groundball, 56S)
Batting: LHB Héctor Rivera 0-0: Ball
1-0: Foul Ball, location: 2F
1-1: Ball
2-1: Foul Ball, location: 2F
2-2: Ball
3-2: Ground out 1-3 (Groundball, 15S)
Bottom of the 5th over - 0 run(s), 0 hit(s), 0 error(s), 0 left on base; Salt Lake City 4 - Santa Barbara 1
TOP OF THE 6TH
Salt Lake City Buzz batting - Pitching for Santa Barbara Golden Cranes : RHP Joey McCarthy
Batting: RHB Jung-hwan Kwon 0-0: Ball
1-0: Called Strike
1-1: Ground out 5-3 (Groundball, 56)
Batting: LHB Roberto Soto 0-0: Called Strike
0-1: Foul Ball, location: 2F
0-2: Strikes out swinging
Batting: RHB Adrian Rodgers 0-0: Swinging Strike
0-1: Ball
1-1: Ball
2-1: SINGLE (Line Drive, 7S)
Batting: RHB Andrew Hall 0-0: Swinging Strike
0-1: Ball
1-1: Ball
2-1: Foul Ball, location: 2F
2-2: Strikes out looking
Top of the 6th over - 0 run(s), 1 hit(s), 0 error(s), 1 left on base; Salt Lake City 4 - Santa Barbara 1
BOTTOM OF THE 6TH
Santa Barbara Golden Cranes batting - Pitching for Salt Lake City Buzz : RHP Brian Morris
Batting: RHB Luis Trevino 0-0: Called Strike
0-1: Called Strike
0-2: SINGLE (Line Drive, 9LS)
Batting: RHB Salvador Noriega 0-0: Bunt missed!
0-1: Ball
1-1: Bunted foul
1-2: Grounds into double play, 4-6-3 (Groundball, 4)
Batting: RHB Logan Manning 0-0: Called Strike
0-1: Ball
1-1: Foul Ball, location: 2F
1-2: Fly out, F5 (Line Drive, 56S)
Bottom of the 6th over - 0 run(s), 1 hit(s), 0 error(s), 0 left on base; Salt Lake City 4 - Santa Barbara 1
TOP OF THE 7TH
Salt Lake City Buzz batting - Pitching for Santa Barbara Golden Cranes : RHP Joey McCarthy
Batting: RHB Alejandro Herrera 0-0: Called Strike
0-1: Foul Ball, location: 2F
0-2: Strikes out swinging
Batting: LHB Frank Sharp 0-0: Ball
1-0: Swinging Strike
1-1: Called Strike
1-2: Ball
2-2: Strikes out swinging
Batting: RHB Justin MacPherson 0-0: Foul Ball, location: 2F
0-1: Foul Ball, location: 2F
0-2: Hit by Pitch
Pitching: RHP Henri Pollini
Batting: RHB Vicente Cruz 0-0: Called Strike
0-1: Fly out, F8 (Flyball, 8LD)
Top of the 7th over - 0 run(s), 0 hit(s), 0 error(s), 1 left on base; Salt Lake City 4 - Santa Barbara 1
BOTTOM OF THE 7TH
Santa Barbara Golden Cranes batting - Pitching for Salt Lake City Buzz : RHP Brian Morris
Batting: RHB Gilbert Graham 0-0: Ball
1-0: Ball
2-0: Ground out 5-3 (Groundball, 56)
Batting: RHB Lúcio Sánchez 0-0: Ball
1-0: Ground out 4-3 (Groundball, 4)
Batting: RHB Edmund Gallagher 0-0: Ground out 6-3 (Groundball, 6)
Bottom of the 7th over - 0 run(s), 0 hit(s), 0 error(s), 0 left on base; Salt Lake City 4 - Santa Barbara 1
TOP OF THE 8TH
Salt Lake City Buzz batting - Pitching for Santa Barbara Golden Cranes : RHP Henri Pollini
Batting: LHB Randy Schlosser 0-0: Ball
1-0: Foul Ball, location: 2F
1-1: Foul Ball, location: 2F
1-2: Ball
2-2: Foul Ball, location: 2F
2-2: Fly out, F9 (Line Drive, 9)
Batting: RHB Jung-hwan Kwon 0-0: Ball
1-0: Ball
2-0: Foul Ball, location: 2F
2-1: Ground out 1-3 (Groundball, 13)
Batting: LHB Roberto Soto 0-0: Called Strike
0-1: Foul Ball, location: 2F
0-2: Ball
1-2: Strikes out swinging
Top of the 8th over - 0 run(s), 0 hit(s), 0 error(s), 0 left on base; Salt Lake City 4 - Santa Barbara 1
BOTTOM OF THE 8TH
Santa Barbara Golden Cranes batting - Pitching for Salt Lake City Buzz : RHP Brian Morris
Batting: RHB Jordan Hollins 0-0: Ball
1-0: Called Strike
1-1: Ball
2-1: Ball
3-1: Ground out 4-3 (Groundball, 4MS)
Batting: RHB Ed St. James 0-0: Ball
1-0: Ball
2-0: Foul Ball, location: 2F
2-1: Called Strike
2-2: Ball
3-2: Fly out, F8 (Flyball, 8LM)
Batting: LHB Héctor Rivera 0-0: SINGLE (Flyball, 8LS)
Batting: RHB Luis Trevino 0-0: Ball
1-0: Foul Ball, location: 2F
1-1: Foul Ball, location: 2F
1-2: Ball
2-2: Ball
3-2: Foul Ball, location: 2F
3-2: Fly out, F9 (Flyball, 9LS)
Bottom of the 8th over - 0 run(s), 1 hit(s), 0 error(s), 1 left on base; Salt Lake City 4 - Santa Barbara 1
TOP OF THE 9TH
Salt Lake City Buzz batting - Pitching for Santa Barbara Golden Cranes : RHP Henri Pollini
Batting: RHB Adrian Rodgers 0-0: Called Strike
0-1: Ball
1-1: Ball
2-1: Ball
3-1: Base on Balls
Batting: RHB Andrew Hall 0-0: Sac Bunt - play at first, batter OUT! 3-4
Adrian Rodgers to second
Batting: RHB Alejandro Herrera 0-0: Called Strike
0-1: Ground out 6-3 (Groundball, 6)
Batting: LHB Frank Sharp 0-0: Fly out, F8 (Line Drive, 8RD)
Top of the 9th over - 0 run(s), 0 hit(s), 0 error(s), 1 left on base; Salt Lake City 4 - Santa Barbara 1
BOTTOM OF THE 9TH
Santa Barbara Golden Cranes batting - Pitching for Salt Lake City Buzz : RHP Brian Morris
Pitching: RHP Lorenzo López
Batting: RHB Salvador Noriega 0-0: Ball
1-0: Called Strike
1-1: Swinging Strike
1-2: Strikes out looking
Batting: RHB Logan Manning 0-0: Ball
1-0: Ball
2-0: Ball
3-0: Base on Balls
Batting: RHB Gilbert Graham 0-0: Hit by Pitch
Logan Manning to second
Pinch Hitting: LHB Sixto Álvarez 0-0: Fly out, F9 (Flyball, 9D)
Runner from 2nd tags up, SAFE at 3rd, no throw
Batting: RHB Edmund Gallagher 0-0: Foul Ball, location: 2F
0-1: Foul Ball, location: 2F
0-2: Foul Ball, location: 2F
0-2: Ball
1-2: Fielders Choice at 2nd, 6-4 (Groundball, 6)
Bottom of the 9th over - 0 run(s), 0 hit(s), 0 error(s), 1 left on base; Salt Lake City 4 - Santa Barbara 1
Saturday, May 26th, 2018 - OOTP Baseball 17.12 Build 75